 Dungeon Crawl Stone Soup version 0.24.0-123-gd5b16e6ec5 (webtiles) character file.

Game seed: 17780998677882624184, levelgen mode: deterministic

60 Locuples the Sneak (level 3, -2/27 HPs)
             Began as a Demonspawn Assassin on Jan 28, 2020.
             Slain by Crazy Yiuf
             ... wielding a +2 quarterstaff of chaos
              (9 damage)
             ... on level 2 of the Dungeon.
             The game lasted 00:03:22 (1795 turns).

Locuples the Sneak (Demonspawn Assassin)            Turns: 1795, Time: 00:03:23

Health: -2/27      AC:  8    Str: 11    XL:     3   Next: 80%
Magic:  3/3        EV: 11    Int: 12    God:
Gold:   88         SH:  0    Dex: 15    Spells: 2/2 levels left

rFire    . . .     SeeInvis .   a - +2 dagger
rCold    + . .     Gourm    .   (no shield)
rNeg     . . .     Faith    .   b - +0 robe
rPois    .         Spirit   .   (helmet restricted)
rElec    .         Reflect  .   c - +0 cloak
rCorr    .         Harm     .   (no gloves)
MR       .....                  (no boots)
Stlth    +++.......             (no amulet)
HPRegen  0.09/turn              o - ring of protection from cold
MPRegen  0.08/turn              m - +3 ring of protection

@: no status effects
A: antennae 1, thin metallic scales 1
a: no special abilities


You were on level 2 of the Dungeon.
You were not hungry.

You visited 1 branch of the dungeon, and saw 2 of its levels.

You collected 88 gold pieces.

Inventory:

Hand Weapons
 a - a +2 dagger (weapon)
Missiles
 d - 8 poisoned darts (quivered)
 e - 2 curare-tipped darts
Armour
 b - a +0 robe (worn)
 c - a +0 cloak (worn)
Jewellery
 m - a +3 ring of protection (right hand)
 o - a ring of protection from cold (left hand)
Scrolls
 g - a scroll of teleportation {unknown}
 h - 2 scrolls of remove curse {unknown}
 j - a scroll of immolation {unknown}
 k - a scroll of blinking {unknown}
 l - 2 scrolls of identify {unknown}
 n - a scroll of amnesia {unknown}
 q - a scroll of random uselessness {unknown}
 r - a scroll of enchant weapon {unknown}
Potions
 i - a potion of magic
 s - a potion of cancellation {unknown}
Comestibles
 f - a ration
 p - 5 chunks of flesh


   Skills:
 - Level 2.0 Fighting
 + Level 2.2 Short Blades
 - Level 1.7 Throwing
 - Level 0.8 Dodging
 * Level 5.0 Stealth


You had 2 spell levels left.
You didn't know any spells.
Your spell library was empty.

Dungeon Overview and Level Annotations

Branches:
Dungeon (2/15)

Altars:

Annotations:
D:2 Crazy Yiuf


Innate Abilities, Weirdness & Mutations

You have a pair of small antennae on your head.
You are partially covered in thin metallic scales. (AC +2)


Message History

Crazy Yiuf is heavily wounded.
Crazy Yiuf grits, "Citrus meccalolo King!"
Crazy Yiuf closely misses you.
You hit Crazy Yiuf.
Crazy Yiuf is severely wounded.
Crazy Yiuf whimpers, "Sif Muna bag turtle!"
Crazy Yiuf closely misses you.
You hit Crazy Yiuf but do no damage.
Crazy Yiuf is severely wounded.
Crazy Yiuf barely misses you.
You closely miss Crazy Yiuf.
Crazy Yiuf is severely wounded.
You hit Crazy Yiuf.
Crazy Yiuf is severely wounded.
Crazy Yiuf hits you with a +2 quarterstaff of chaos!
* * * LOW HITPOINT WARNING * * *
You completely miss Crazy Yiuf.
Crazy Yiuf is severely wounded.
Crazy Yiuf hits you with a +2 quarterstaff of chaos!
You die...

###.#.#.#.....#≈P
####.#.#.##..P≈.≈≈
#......#.###..P≈≈≈
########.# #PP≈♣≈≈
#.# #≈≈≈≈♣♣ #####
##.###PP≈≈♣♣ #..)#
#..##.P≈P≈♣≈ #.g.#
####...PPPP≈ #.@.#
#####...PP.≈ ##'##
#..........≈ ♣♣.♣
######.#.### ♣.♣♣
#.#.# ♣♣.♣ #.#.#
♣.♣♣ #.#.. ♣♣.♣♣
#.# # ♣...♣♣ #.#
♣....♣ #.# #


You could see Crazy Yiuf.

Vanquished Creatures
  3 adders (D:2)
  An ooze (D:2)
  A dart slug (D:2)
  A giant cockroach (D:2)
  5 goblins
  A hobgoblin (D:2)
  6 kobolds
  A quokka (D:2)
  4 bats
  3 frilled lizards (D:1)
  4 rats
30 creatures vanquished.

Notes
Turn   | Place    | Note
-------+----------+-------------------------------------------
     0 | D:1      | Locuples the Demonspawn Assassin began the quest for the
                  | Orb.
     0 | D:1      | Reached XP level 1. HP: 16/16 MP: 1/1
   252 | D:1      | Reached skill level 4 in Stealth
   276 | D:1      | Gained mutation: You have a pair of small antennae on your
                  | head. [demonic ancestry]
   276 | D:1      | Reached XP level 2. HP: 3/22 MP: 2/2
   278 | D:1      | HP: 1/22 [rat (1)]
  1384 | D:2      | Gained mutation: You are partially covered in thin metallic
                  | scales. (AC +2) [demonic ancestry]
  1384 | D:2      | Reached XP level 3. HP: 27/27 MP: 3/3
  1649 | D:2      | Reached skill level 5 in Stealth
  1701 | D:2      | Found a runed translucent door.
  1702 | D:2      | Noticed Crazy Yiuf
  1795 | D:2      | Slain by Crazy Yiuf

Levels and vault maps discovered:
D:1:      dpeg_arrival_shrine, layout_rooms, hangedman_decor_riveting
D:2:      minmay_door_path, layout_loops_corners, serial_bayou_lagoon_a,
          kennysheep_nub, uniq_crazy_yiuf_cottage

Skill      XL: |  1  2  3 |
---------------+----------+-----
Stealth        | 4 5 |  5.0
Short Blades   | 2 |  2.2
Fighting       | |  2.0
Throwing       | |  1.7
Dodging        | |  0.8

Action                   || total
-------------------------++-------
Melee: Dagger            ||   120
Throw: Dart              ||     1
  Use: Potion            ||     2
 Stab: Sleeping          ||     7
  Eat: Chunk             ||     3
Armor: Robe              ||    48
Dodge: Dodged            ||    76
